TOP OF THE 1ST |
Billings Polar Bears batting - Pitching for Belvedere Park Rawhides : LHP Alfredo Córdova
|
Pitching: LHP Alfredo Córdova
|
|
Batting: RHB Patrick Pupovac
|
0-0: Foul Ball, location: 2F 0-1: SINGLE (Groundball, 4MD)
|
Batting: SHB Goro Yokoyama
|
0-0: Swinging Strike 0-1: Called Strike 0-2: Foul Ball, location: 2F 0-2: Ball 1-2: Ball 2-2: Strikes out swinging
|
Batting: RHB José Ortíz
|
0-0: Ball 1-0: Swinging Strike 1-1: Foul Ball, location: 2F 1-2: Foul Ball, location: 2F 1-2: Strikes out swinging
|
Batting: LHB Phil MacNamara
|
0-0: Called Strike 0-1: Ball 1-1: Fielders Choice at 2nd, U4 (Groundball, 4M)
|
Top of the 1st over - 0 runs, 1 hit, 0 errors, 1 left on base; Billings 0 - Belvedere Park 0 |
BOTTOM OF THE 1ST |
Belvedere Park Rawhides batting - Pitching for Billings Polar Bears : RHP Mike Orrsborne
|
Pitching: RHP Mike Orrsborne
|
|
Batting: RHB Pat Sizemore
|
0-0: Ball 1-0: Ball 2-0: Called Strike 2-1: Swinging Strike 2-2: Ball 3-2: Fly out, F7 (Line Drive, 7LM)
|
Batting: LHB Ken Gill
|
0-0: Ball 1-0: Ball 2-0: Ball 3-0: Foul Ball, location: 2F 3-1: Base on Balls
|
Batting: RHB Min-gook Ch'oe
|
0-0: SINGLE (Line Drive, 78S) Ken Gill to second
|
Batting: RHB Domingo Trujillo
|
0-0: Ball 1-0: Swinging Strike 1-1: Grounds into double play, 5-4-3 (Groundball, 5)
|
Bottom of the 1st over - 0 runs, 1 hit, 0 errors, 1 left on base; Billings 0 - Belvedere Park 0 |
TOP OF THE 2ND |
Billings Polar Bears batting - Pitching for Belvedere Park Rawhides : LHP Alfredo Córdova
|
Batting: RHB Cody Jaeckel
|
0-0: Foul Ball, location: 2F 0-1: Reached on error, E9 (Flyball, 9S)
|
Batting: RHB Luis Pérez
|
0-0: Called Strike 0-1: Ball 1-1: Fly out, F9 (Flyball, 9)
|
Batting: RHB Lynwood Dimartínez
|
0-0: Ball 1-0: Called Strike 1-1: Ball Cody Jaeckel is caught stealing 2nd base 2-1: SINGLE (Groundball, 6MD)
|
Batting: RHB Pedro Flores
|
0-0: Called Strike 0-1: Called Strike Lynwood Dimartínez steals 2nd base 0-2: Ball 1-2: Foul Ball, location: 2F 1-2: Foul Ball, location: 2F 1-2: Ground out 3-1 (Groundball, 34S)
|
Top of the 2nd over - 0 runs, 1 hit, 1 error, 1 left on base; Billings 0 - Belvedere Park 0 |
BOTTOM OF THE 2ND |
Belvedere Park Rawhides batting - Pitching for Billings Polar Bears : RHP Mike Orrsborne
|
Batting: RHB Pat Lloyd
|
0-0: Ball 1-0: Called Strike 1-1: Ball 2-1: Ball 3-1: Fly out, F3 (Popup, 23F)
|
Batting: RHB Hang-ki Chung
|
0-0: Ground out U3 (Groundball, 34)
|
Batting: RHB Mike Printup
|
0-0: Ball 1-0: Bunt missed! 1-1: Foul Ball, location: 2F 1-2: Ball 2-2: Ground out 5-3 (Groundball, 56S)
|
Bottom of the 2nd over - 0 runs, 0 hits, 0 errors, 0 left on base; Billings 0 - Belvedere Park 0 |
TOP OF THE 3RD |
Billings Polar Bears batting - Pitching for Belvedere Park Rawhides : LHP Alfredo Córdova
|
Batting: RHB Corey Dudding
|
0-0: Ball 1-0: Foul Ball, location: 2F 1-1: Ball 2-1: Ball 3-1: Foul Ball, location: 2F 3-2: Foul Ball, location: 2F 3-2: Strikes out swinging
|
Batting: RHB Patrick Pupovac
|
0-0: Ball 1-0: Ground out 3-1 (Groundball, 34S)
|
Batting: SHB Goro Yokoyama
|
0-0: Ground out 6-3 (Groundball, 6D)
|
Top of the 3rd over - 0 runs, 0 hits, 0 errors, 0 left on base; Billings 0 - Belvedere Park 0 |
BOTTOM OF THE 3RD |
Belvedere Park Rawhides batting - Pitching for Billings Polar Bears : RHP Mike Orrsborne
|
Batting: RHB Stephen Webb
|
0-0: Ball 1-0: Called Strike 1-1: Fly out, F8 (Flyball, 8RS)
|
Batting: RHB Wallace Belyeu
|
0-0: Called Strike 0-1: Fly out, F7 (Flyball, 7)
|
Batting: RHB Pat Sizemore
|
0-0: Called Strike 0-1: Foul Ball, location: 2F 0-2: SINGLE (Line Drive, 78S)
|
Batting: LHB Ken Gill
|
0-0: Ball Pat Sizemore steals 2nd base 1-0: Foul Ball, location: 2F 1-1: 2-RUN HOME RUN (Flyball, 9LD), Distance : 339 ft
|
Batting: RHB Min-gook Ch'oe
|
0-0: Ball 1-0: Ground out 6-3 (Groundball, 6)
|
Bottom of the 3rd over - 2 runs, 2 hits, 0 errors, 0 left on base; Billings 0 - Belvedere Park 2 |
TOP OF THE 4TH |
Billings Polar Bears batting - Pitching for Belvedere Park Rawhides : LHP Alfredo Córdova
|
Batting: RHB José Ortíz
|
0-0: Foul Ball, location: 2F 0-1: Ball 1-1: Swinging Strike 1-2: Foul Ball, location: 2F 1-2: Foul Ball, location: 2F 1-2: Ground out 5-3 (Groundball, 5)
|
Batting: LHB Phil MacNamara
|
0-0: Swinging Strike 0-1: SINGLE (Line Drive, 34D)
|
Batting: RHB Cody Jaeckel
|
0-0: Called Strike 0-1: Foul Ball, location: 2F 0-2: 2-RUN HOME RUN (Flyball, 7D), Distance : 391 ft
|
Batting: RHB Luis Pérez
|
0-0: Foul Ball, location: 2F 0-1: Ball 1-1: Ball 2-1: Swinging Strike 2-2: Foul Ball, location: 2F 2-2: Fly out, F8 (Flyball, 8LXD)
|
Batting: RHB Lynwood Dimartínez
|
0-0: Ball 1-0: SINGLE (Line Drive, 6MD)
|
Batting: RHB Pedro Flores
|
0-0: Ball 1-0: Foul Ball, location: 2F 1-1: Ball Lynwood Dimartínez steals 2nd base 2-1: Ball 3-1: Called Strike 3-2: Ground out U3 (Groundball, 34)
|
Top of the 4th over - 2 runs, 3 hits, 0 errors, 1 left on base; Billings 2 - Belvedere Park 2 |
BOTTOM OF THE 4TH |
Belvedere Park Rawhides batting - Pitching for Billings Polar Bears : RHP Mike Orrsborne
|
Batting: RHB Domingo Trujillo
|
0-0: SINGLE (Line Drive, 56D)
|
Batting: RHB Pat Lloyd
|
0-0: Called Strike 0-1: Ball 1-1: Foul Ball, location: 2F 1-2: Foul Ball, location: 2F 1-2: Foul Ball, location: 2F 1-2: Ball 2-2: Ball 3-2: Foul Ball, location: 2F 3-2: Base on Balls Domingo Trujillo to second
|
Batting: RHB Hang-ki Chung
|
0-0: Called Strike 0-1: SINGLE (Groundball, 56D) Domingo Trujillo to third Pat Lloyd to second Runner from 3rd tries for Home, SAFE, no throw
|
Pitching: LHP Pierre de Vizcaya
|
|
Batting: RHB Mike Printup
|
0-0: Ball 1-0: Called Strike 1-1: Ground out 6-3 (Groundball, 6S) Pat Lloyd to third Hang-ki Chung to second
|
Batting: RHB Stephen Webb
|
0-0: Ball Wild Pitch! Pat Lloyd scores Hang-ki Chung to third 1-0: Swinging Strike 1-1: Ball 2-1: Ball 3-1: Base on Balls
|
Batting: RHB Wallace Belyeu
|
0-0: Foul Ball, location: 2F 0-1: Ball 1-1: Ball 2-1: Ball 3-1: Grounds into double play, 5-4-3 (Groundball, 5L)
|
Bottom of the 4th over - 2 runs, 2 hits, 0 errors, 1 left on base; Billings 2 - Belvedere Park 4 |
TOP OF THE 5TH |
Billings Polar Bears batting - Pitching for Belvedere Park Rawhides : LHP Alfredo Córdova
|
Batting: RHB Corey Dudding
|
0-0: Swinging Strike 0-1: Called Strike 0-2: Foul Ball, location: 2F 0-2: Ground out 3-1 (Groundball, 34S)
|
Batting: RHB Patrick Pupovac
|
0-0: Called Strike 0-1: Ball 1-1: Ball 2-1: Ball 3-1: Called Strike 3-2: Foul Ball, location: 2F 3-2: Foul Ball, location: 2F 3-2: Foul Ball, location: 2F 3-2: Strikes out swinging
|
Batting: SHB Goro Yokoyama
|
0-0: Ball 1-0: Foul Ball, location: 2F 1-1: Called Strike 1-2: Ball 2-2: Ground out 4-3 (Groundball, 4)
|
Top of the 5th over - 0 runs, 0 hits, 0 errors, 0 left on base; Billings 2 - Belvedere Park 4 |
BOTTOM OF THE 5TH |
Belvedere Park Rawhides batting - Pitching for Billings Polar Bears : LHP Pierre de Vizcaya
|
Batting: RHB Pat Sizemore
|
0-0: Ball 1-0: Ball 2-0: Called Strike 2-1: Ball 3-1: Foul Ball, location: 2F 3-2: Strikes out swinging
|
Batting: LHB Ken Gill
|
0-0: Called Strike 0-1: Swinging Strike 0-2: Ball 1-2: Ball 2-2: Foul Ball, location: 2F 2-2: Ground out 1-3 (Groundball, 13)
|
Batting: RHB Min-gook Ch'oe
|
0-0: Swinging Strike 0-1: Called Strike 0-2: Strikes out swinging
|
Bottom of the 5th over - 0 runs, 0 hits, 0 errors, 0 left on base; Billings 2 - Belvedere Park 4 |
TOP OF THE 6TH |
Billings Polar Bears batting - Pitching for Belvedere Park Rawhides : LHP Alfredo Córdova
|
Batting: RHB José Ortíz
|
0-0: Ball 1-0: Ball 2-0: Called Strike 2-1: Ball 3-1: Foul Ball, location: 2F 3-2: Foul Ball, location: 2F 3-2: Foul Ball, location: 2F 3-2: Base on Balls
|
Pitching: RHP Ivano Carbonetti
|
|
Batting: LHB Phil MacNamara
|
0-0: Called Strike 0-1: Called Strike 0-2: Ball 1-2: Fly out, F2 (Popup, 2L)
|
Batting: RHB Cody Jaeckel
|
0-0: Swinging Strike 0-1: Foul Ball, location: 2F 0-2: Ball 1-2: Foul Ball, location: 2F 1-2: Foul Ball, location: 2F 1-2: Fielders Choice at 2nd, 6-4 (Groundball, 6MD)
|
Batting: RHB Luis Pérez
|
0-0: Called Strike 0-1: Called Strike 0-2: 2-RUN HOME RUN (Flyball, 7LD), Distance : 373 ft
|
Pitching: RHP Edwin Powell
|
|
Batting: RHB Lynwood Dimartínez
|
0-0: Ball 1-0: Ground out 6-3 (Groundball, 6)
|
Top of the 6th over - 2 runs, 1 hit, 0 errors, 0 left on base; Billings 4 - Belvedere Park 4 |
BOTTOM OF THE 6TH |
Belvedere Park Rawhides batting - Pitching for Billings Polar Bears : LHP Pierre de Vizcaya
|
Batting: RHB Domingo Trujillo
|
0-0: Ball 1-0: Foul Ball, location: 2F 1-1: Foul Ball, location: 2F 1-2: Fly out, F8 (Flyball, 8LXD)
|
Batting: RHB Pat Lloyd
|
0-0: Foul Ball, location: 2F 0-1: Called Strike 0-2: Ball 1-2: Foul Ball, location: 2F 1-2: Foul Ball, location: 2F 1-2: Foul Ball, location: 2F 1-2: Foul Ball, location: 2F 1-2: Ball 2-2: SINGLE (Line Drive, 6MD)
|
Batting: RHB Hang-ki Chung
|
0-0: Foul Ball, location: 2F 0-1: Ball 1-1: Called Strike 1-2: Foul Ball, location: 2F 1-2: Ball 2-2: Foul Ball, location: 2F 2-2: Foul Ball, location: 2F 2-2: Ball 3-2: Fly out, F2 (Popup, 23F)
|
Batting: RHB Mike Printup
|
0-0: Ground out 4-3 (Groundball, 34)
|
Bottom of the 6th over - 0 runs, 1 hit, 0 errors, 1 left on base; Billings 4 - Belvedere Park 4 |
TOP OF THE 7TH |
Billings Polar Bears batting - Pitching for Belvedere Park Rawhides : RHP Edwin Powell
|
Batting: RHB Pedro Flores
|
0-0: Fly out, F7 (Flyball, 78S)
|
Batting: RHB Corey Dudding
|
0-0: Ball 1-0: Called Strike 1-1: Foul Ball, location: 2F 1-2: Foul Ball, location: 2F 1-2: Fly out, F8 (Flyball, 8RS)
|
Batting: RHB Patrick Pupovac
|
0-0: Called Strike 0-1: Ball 1-1: Fly out, F9 (Line Drive, 9D)
|
Top of the 7th over - 0 runs, 0 hits, 0 errors, 0 left on base; Billings 4 - Belvedere Park 4 |
BOTTOM OF THE 7TH |
Belvedere Park Rawhides batting - Pitching for Billings Polar Bears : LHP Pierre de Vizcaya
|
Batting: RHB Stephen Webb
|
0-0: Foul Ball, location: 2F 0-1: Ground out 6-3 (Groundball, 6MS)
|
Batting: RHB Wallace Belyeu
|
0-0: Called Strike 0-1: Ball 1-1: Fly out, F8 (Flyball, 8RD)
|
Pitching: RHP Daniel Riley
|
|
Batting: RHB Pat Sizemore
|
0-0: Foul Ball, location: 2F 0-1: Ball 1-1: Ground out 6-3 (Groundball, 6)
|
Bottom of the 7th over - 0 runs, 0 hits, 0 errors, 0 left on base; Billings 4 - Belvedere Park 4 |
TOP OF THE 8TH |
Billings Polar Bears batting - Pitching for Belvedere Park Rawhides : RHP Edwin Powell
|
Batting: SHB Goro Yokoyama
|
0-0: Ball 1-0: Fly out, F7 (Flyball, 7S)
|
Batting: RHB José Ortíz
|
0-0: Ball 1-0: Foul Ball, location: 2F 1-1: Called Strike 1-2: Foul Ball, location: 2F 1-2: DOUBLE (Groundball, 5L)
|
Batting: LHB Phil MacNamara
|
0-0: Ball 1-0: Ball 2-0: Ball 3-0: Called Strike 3-1: Base on Balls
|
Batting: RHB Cody Jaeckel
|
0-0: Called Strike 0-1: Foul Ball, location: 2F 0-2: Ball 1-2: Ball 2-2: Ball 3-2: Fly out, F2 (Popup, 25F)
|
Batting: RHB Luis Pérez
|
0-0: Ball 1-0: Fielders Choice at 2nd, 6-4 (Groundball, 56)
|
Top of the 8th over - 0 runs, 1 hit, 0 errors, 2 left on base; Billings 4 - Belvedere Park 4 |
BOTTOM OF THE 8TH |
Belvedere Park Rawhides batting - Pitching for Billings Polar Bears : RHP Daniel Riley
|
Batting: LHB Ken Gill
|
0-0: Ball 1-0: Ball 2-0: Ball 3-0: Base on Balls
|
Batting: RHB Min-gook Ch'oe
|
0-0: Ball 1-0: Called Strike 1-1: Ball 2-1: Foul Ball, location: 2F 2-2: Strikes out looking
|
Batting: RHB Domingo Trujillo
|
0-0: Foul Ball, location: 2F 0-1: Ball 1-1: Ball 2-1: Ball 3-1: Called Strike 3-2: Fly out, F5 (Flyball, 5D)
|
Batting: RHB Pat Lloyd
|
0-0: Ball 1-0: Ball 2-0: Called Strike 2-1: Ball 3-1: Foul Ball, location: 2F 3-2: Foul Ball, location: 2F 3-2: Base on Balls Ken Gill to second
|
Pinch Hitting: LHB Connor Petty
|
0-0: DOUBLE (Line Drive, 89D) Ken Gill scores Pat Lloyd to third Runner from 3rd tries for Home, SAFE, no throw
|
Batting: RHB Mike Printup
|
0-0: Ball 1-0: Fly out, F3 (Popup, 34S)
|
Bottom of the 8th over - 2 runs, 1 hit, 0 errors, 1 left on base; Billings 4 - Belvedere Park 6 |
TOP OF THE 9TH |
Billings Polar Bears batting - Pitching for Belvedere Park Rawhides : RHP Edwin Powell
|
Pitching: RHP Ron Pomar
|
|
Now in LF: Connor Petty
|
|
Batting: RHB Lynwood Dimartínez
|
0-0: Ball 1-0: Swinging Strike 1-1: Ball 2-1: Ball 3-1: Swinging Strike 3-2: Foul Ball, location: 2F 3-2: Foul Ball, location: 2F 3-2: Strikes out swinging
|
Batting: RHB Pedro Flores
|
0-0: Swinging Strike 0-1: Ball 1-1: Swinging Strike 1-2: Ground out 4-3 (Groundball, 4M)
|
Batting: RHB Corey Dudding
|
0-0: Ball 1-0: Foul Ball, location: 2F 1-1: Ball 2-1: DOUBLE (Flyball, 89D)
|
Batting: RHB Patrick Pupovac
|
0-0: Called Strike 0-1: Foul Ball, location: 2F 0-2: Ball 1-2: Ground out 4-3 (Groundball, 4M)
|
Top of the 9th over - 0 runs, 1 hit, 0 errors, 1 left on base; Billings 4 - Belvedere Park 6 |
|